Map: Ulrena

Players

lIIlllllIIII (HuK) - Winner!

  • Race: Protoss Protoss
  • League: Grandmaster

VillaiN

  • Race: Zerg Zerg
  • League: Grandmaster

VOD

Have the link to the VOD?

Description

Time

  • Played on: Nov. 17, 2015, 6:58 p.m.
  • Length: 11:07
Show
View Real Time Build Order
Export as new Build Order

lIIlllllIIII Protoss - Winner!

Build Orders: 1 Gate Expand 

Get SALT Encoding   

  12  0:01  Probe (Chrono Boost)  
  13  0:11  Probe (Chrono Boost)  
  14  0:20  Pylon  
  14  0:22  Probe (Chrono Boost)  
  15  0:38  Probe (Chrono Boost)  
  15  0:39  Gateway  
  16  0:44  Assimilator  
  16  0:48  Probe (Chrono Boost)  
  17  0:59  Probe (Chrono Boost)  
  18  1:09  Probe (Chrono Boost)  
  19  1:20  Probe (Chrono Boost)  
  20  1:28  Nexus  
  20  1:34  Cybernetics Core  
  20  1:37  Probe (Chrono Boost)  
  21  1:42  Assimilator  
  21  1:47  Probe (Chrono Boost)  
  21  1:53  Pylon  
  22  1:58  Probe (Chrono Boost)  
  23  2:12  Adept, Warp Gate  
  27  2:19  Probe (Chrono Boost)  
  26  2:25  Robotics Facility  
  26  2:30  Probe (Chrono Boost)  
  26  2:36  Gateway  
  27  2:41  Probe (Chrono Boost)  
  27  2:42  Sentry  
  31  2:44  Probe (Chrono Boost)  
  32  2:51  Probe (Chrono Boost)  
  32  2:55  Probe (Chrono Boost)  
  33  3:02  Probe (Chrono Boost)  
  35  3:05  Probe (Chrono Boost)  
  35  3:12  Probe (Chrono Boost), Pylon  
  36  3:14  Probe (Chrono Boost)  
  36  3:15  Warp Prism (Chrono Boost)  
  39  3:23  Probe  
  39  3:25  Sentry  
  42  3:27  Probe  
  42  3:31  Gateway  
  43  3:37  Gateway  
  43  3:40  Pylon  
  43  3:41  Probe x2  
  45  3:50  Observer (Chrono Boost)  
  45  3:51  Mothership Core  
  48  4:00  Probe  
  49  4:03  Pylon  
  49  4:16  Adept x2  
  49  4:33  Immortal (Chrono Boost)  
  53  4:41  Probe  
  53  4:43  Probe  
  51  4:46  Sentry x3, Assimilator  
  51  4:47  Assimilator  
  51  4:52  Probe  
  57  4:54  Pylon  
  57  4:55  Probe  
  57  4:58  Pylon  
  59  5:02  Probe  
  59  5:05  Warp Prism (Chrono Boost)  
  62  5:07  Probe  
  62  5:13  Probe  
  63  5:19  Probe  
  63  5:20  Adept x4  
  72  5:24  Probe, Pylon  
  72  5:26  Nexus  
  73  5:34  Probe  
  74  5:36  Probe  
  74  5:41  Adept x4  
  83  5:46  Probe  
  83  5:48  Probe  
  83  5:58  Probe  
  82  6:12  Probe  
  81  6:21  Probe  
  81  6:25  Probe  
  81  6:27  Adept x4  
  83  6:33  Probe  
  83  6:36  Probe  
  83  6:37  Probe  
  86  6:40  Pylon x2  
  86  6:45  Probe  
  86  6:47  Probe  
  86  6:56  Adept x2  
  86  6:57  Adept  
  84  7:05  Probe x2  
  84  7:06  Probe  
  77  7:08  Forge  
  77  7:13  Sentry, Gateway x2  
  77  7:14  Sentry  
  81  7:21  Pylon  
  82  7:22  Probe  
  82  7:23  Probe  
  82  7:27  Probe, Adept x2, Pylon  
  88  7:34  Immortal, Probe  
  89  7:37  Sentry x2  
  97  7:49  Twilight Council  
  97  7:50  Gateway x2, Protoss Ground Weapons Level 1  
  97  7:51  Gateway  
  97  7:52  Gateway x2  
  97  7:54  Adept x2  
  100  7:58  Zealot  
  100  8:03  Probe  
  103  8:07  Pylon  
  103  8:09  Probe  
  103  8:10  Probe, Pylon  
  105  8:14  Zealot x2  
  105  8:15  Probe, Zealot  
  105  8:17  Sentry x2, Immortal  
  103  8:38  Stalker x3  
  103  8:39  Stalker  
  109  8:46  Adept x2  
  103  8:51  Immortal  
  99  9:06  Blink (Chrono Boost)  
  99  9:10  Adept x2, Assimilator x2  
  99  9:11  Adept x3  
  99  9:12  Stalker  
  99  9:15  Sentry  
  99  9:16  Sentry x2  
  117  9:26  Warp Prism  
  117  9:41  Adept x3  
  117  9:42  Stalker x5  
  117  9:43  Stalker  
  135  9:51  Adept x2  
  132  10:03  Zealot  
  132  10:04  Immortal, Zealot x2  
  140  10:15  Zealot x5  
  144  10:23  Mothership Core  
  138  10:34  Dark Shrine  
  134  10:35  Stalker  
  134  10:36  Stalker x2  
  129  10:56  Zealot x5  
  129  10:57  Zealot x2  
Show
View Real Time Build Order
Export as new Build Order

VillaiN Zerg 

Build Orders: 3 Hatch before Pool 

Get SALT Encoding   

  12  0:01  Drone  
  13  0:13  Overlord  
  13  0:18  Drone  
  14  0:32  Drone x2  
  16  0:50  Hatchery  
  16  0:52  Drone  
  16  0:57  Drone  
  16  1:02  Drone  
  18  1:21  Hatchery  
  18  1:24  Drone  
  18  1:29  Extractor  
  18  1:32  Drone  
  18  1:42  Spawning Pool  
  17  1:47  Drone  
  17  1:49  Drone  
  17  1:53  Drone  
  20  2:05  Drone x2  
  22  2:19  Drone  
  22  2:21  Drone  
  24  2:30  Queen x2  
  24  2:33  Metabolic Boost  
  28  2:37  Drone x2  
  30  2:45  Queen  
  30  2:49  Overlord  
  32  2:52  Zergling x2  
  32  2:53  Zergling x2  
  34  3:01  Spore Crawler  
  31  3:14  Drone x3  
  31  3:15  Drone  
  31  3:17  Drone x3  
  31  3:19  Overlord  
  40  3:20  Drone  
  40  3:37  Overlord, Drone x2  
  42  3:41  Drone  
  42  3:42  Drone  
  42  3:45  Extractor  
  42  3:57  Overlord  
  42  4:01  Spore Crawler  
  42  4:02  Spore Crawler  
  40  4:04  Spore Crawler  
  40  4:06  Drone x2  
  40  4:07  Drone x8  
  40  4:09  Zergling x2  
  50  4:14  Zergling x2  
  51  4:20  Zergling x6  
  51  4:22  Zergling x6  
  57  4:25  Zergling x6  
  54  4:40  Evolution Chamber  
  54  4:41  Evolution Chamber  
  54  4:43  Drone x3  
  54  4:44  Drone  
  54  4:46  Drone x3  
  54  4:47  Drone  
  58  4:56  Drone  
  58  4:58  Drone x2  
  61  5:05  Overlord  
  59  5:07  Overlord  
  59  5:08  Zerg Ground Armor Level 1, Zerg Melee Weapons Level 1  
  59  5:13  Lair  
  59  5:22  Overlord  
  59  5:25  Overlord  
  59  5:28  Drone x5  
  64  5:29  Drone  
  64  5:30  Drone  
  64  5:31  Drone  
  66  5:37  Zergling x4  
  66  5:39  Spine Crawler  
  66  5:41  Zergling x6  
  69  5:43  Zergling x2  
  69  5:44  Zergling x2  
  69  5:45  Zergling x2  
  71  5:50  Zergling x4  
  71  5:51  Zergling x6  
  71  5:56  Zergling x4  
  70  6:00  Zergling x2  
  70  6:03  Zergling x2  
  65  6:06  Zergling x8  
  66  6:11  Zergling x2  
  66  6:15  Zergling x6  
  66  6:16  Zergling x2  
  67  6:20  Zergling x2  
  62  6:26  Zergling x2  
  62  6:27  Zergling x2  
  62  6:29  Zergling x2  
  61  6:38  Zergling x12  
  61  6:39  Roach Warren, Zergling x2  
  66  6:40  Lair  
  66  6:42  Zergling x2  
  67  6:47  Zergling x6  
  68  6:58  Zergling x4  
  62  7:03  Zergling x2  
  62  7:04  Zergling x8  
  66  7:14  Hatchery  
  64  7:23  Roach  
  64  7:24  Roach x4  
  74  7:34  Roach x4  
  81  7:42  Roach  
  82  7:44  Overlord  
  82  7:57  Overlord  
  82  7:58  Roach x2  
  85  8:05  Ravager  
  85  8:06  Ravager x2  
  85  8:09  Overlord, Zergling x2  
  85  8:10  Zergling x6  
  91  8:14  Queen, Zergling x2  
  91  8:18  Zergling x6  
  89  8:28  Zergling x2  
  89  8:29  Zergling x8  
  89  8:30  Zergling x2  
  89  8:31  Zergling x2  
  71  8:41  Zergling x10  
  71  8:45  Zergling x2  
  71  8:49  Zergling x4  
  71  8:54  Zergling x2  
  61  9:06  Zergling x10  
  66  9:14  Roach, Zergling x8  
  71  9:21  Roach x2  
  68  9:34  Roach x6  
  79  9:40  Ravager  
  79  9:42  Roach x3  
  85  9:45  Overlord  
  85  9:48  Zergling x8  
  85  9:49  Zergling x2  
  90  9:57  Roach x3  
  85  10:08  Zergling x10  
  85  10:13  Zergling x2  
  85  10:14  Roach x2, Zergling x2  
  66  10:31  Roach x2, Zergling x4  
  69  10:38  Roach x2  
  69  10:42  Zergling x4  
  72  10:44  Zergling x2  
Tags
 
Add a new tag
Caveats
  • Supply blocks, unpowered buildings, or Contaminate may cause inaccurate times.
  • Supply counts are checked every 10 seconds.